 Dungeon Crawl Stone Soup version 0.17.2-1-ge4368a0 (webtiles) character file.

215 Goblin1989 the Cudgeler (level 5, -1/38 HPs)
             Began as a Demonspawn Artificer on Nov 20, 2016.
             Slain by Goblin1989's ghost (2 damage)
             ... on level 3 of the Dungeon.
             The game lasted 00:08:33 (2527 turns).

Goblin1989 the Cudgeler (Demonspawn Artificer)      Turns: 2527, Time: 00:08:33

Health: -1/38      AC:  7    Str: 17    XL:     5   Next: 60%
Magic:  7/7        EV:  5    Int: 13    God:
Gold:   56         SH:  0    Dex: 14    Spells: 0 memorised, 4 levels left

rFire  + . .     SeeInvis .     d - +0 whip
rCold  . . .     Clarity  +     j - +0 ring mail
rNeg   . . .     SustAt   .     (no shield)
rPois  .         Gourm    .     (no helmet)
rElec  .         Spirit   .     (no cloak)
rCorr  .         Warding  .     (no gloves)
rMut   .         Stasis   .     (no boots)
MR     .....                    q - amulet of clarity
Stlth  +.........               (no ring)
                                f - ring of protection from fire

@: mighty, very heavily drained, not resistant to hostile enchantments, very
unstealthy
A: talons 1, yellow scales 1, powered by pain 1
a: no special abilities


You were on level 3 of the Dungeon.
You were not hungry.

You visited 1 branch of the dungeon, and saw 3 of its levels.

You collected 56 gold pieces.

Inventory:

Hand Weapons
 d - a +0 whip (weapon)
Armour
 j - a +0 ring mail (worn)
Jewellery
 f - a ring of protection from fire (left hand)
 q - an amulet of clarity (around neck)
Wands
 c - a wand of flame (15)
 e - a wand of random effects (11)
 E - a wand of enslavement (15)
Scrolls
 b - a scroll of recharging {unknown}
 g - a scroll of remove curse {unknown}
 o - a scroll of blinking {unknown}
 r - a scroll of teleportation {unknown}
Potions
 a - a potion of resistance {unknown}
 i - a potion of degeneration {unknown}
 k - a potion of agility {unknown}
 l - a potion of flight {unknown}
 n - 2 potions of heal wounds {unknown}
Comestibles
 h - a royal jelly
 m - 2 bread rations {@e1}
 p - 2 meat rations {@e2}
 t - a slice of pizza


   Skills:
 - Level 2.1(0.0) Fighting
   Level 0.8(0.0) Short Blades
 + Level 4.6(1.0) Maces & Flails
 - Level 1.7(0.0) Dodging
 - Level 0.8(0.0) Stealth
 - Level 3.0(0.0) Evocations


You had 4 spell levels left.
You didn't know any spells.

Dungeon Overview and Level Annotations

Branches:
Dungeon (3/15)

Altars:

Annotations:
D:3 Goblin1989's ghost, amateur SpGl


Innate Abilities, Weirdness & Mutations

You have sharp toenails.
You are partially covered in yellow scales (AC +2).
You sometimes gain a little power by taking damage.


Message History

* * * LOW HITPOINT WARNING * * *
You take 6 damage, and have 12/38 hp.
You barely miss Goblin1989's ghost. Your kick misses Goblin1989's ghost.
Goblin1989's ghost is heavily damaged.
The giant newt bites you.
* * * LOW HITPOINT WARNING * * *
Goblin1989's ghost hits you.
* * * LOW HITPOINT WARNING * * *
You feel drained.
* * * LOW HITPOINT WARNING * * *
You take 7 damage, and have 5/38 hp.
You miss Goblin1989's ghost. Your kick misses Goblin1989's ghost.
Goblin1989's ghost is heavily damaged.
The giant newt closely misses you. Goblin1989's ghost hits you.
* * * LOW HITPOINT WARNING * * *
You feel drained.
* * * LOW HITPOINT WARNING * * *
You take 4 damage, and have 1/38 hp.
The giant newt barely misses you. Goblin1989's ghost hits you.
You die... █ .██████ ██ █████████

█.█ ███....... .█
█.......████.████ █..l....█ .█
█.█████.██......█ █.......█
.████.█████..█.█.██.███.██......
............█..█.....██.██.█..██
>████.█████..█.████.............
.█ █.█ █..█.████.███.......██ .█
█.. ....█..@W..█ █....█.██ ██
████████.█...l.██ █......█ █
█.█.███.█ ██...███ .. █.█.█ █.█
...█ █... ..... █.█ ...█ ....
██.. █.█ .... █... ... █.. .. ..
... .. █..


You could see Goblin1989's ghost and a giant newt.

Vanquished Creatures
  Sigmund (D:2)
  2 worms
  A giant gecko (D:1)
  5 bats
  3 giant cockroaches (D:1)
  5 goblins
  8 hobgoblins
  7 jackals (D:1)
  A quokka (D:2)
  3 giant newts (D:1)
  8 kobolds
  5 rats
49 creatures vanquished.

Notes
Turn   | Place    | Note
--------------------------------------------------------------
     0 | D:1      | Goblin1989 the Demonspawn Artificer began the quest for the Orb.
     0 | D:1      | Reached XP level 1. HP: 15/15 MP: 3/3
    48 | D:1      | Goblin1989: ?duhz
    48 | D:1      | Goblin1989: ??duhz
    48 | D:1      | beem: duhz[1/4]: Win a game by going through dungeon, depths, hell and zot, and nowhere else. You must get all 4 hell runes, kill all 4 hell lords, and kill the serpent of hell. You are allowed to enter temple and any portals, but not abyss (even by banishment).
   414 | D:1      | Gained mutation: You have sharp toenails. [demonic ancestry]
   414 | D:1      | Reached XP level 2. HP: 12/22 MP: 4/4
   721 | D:1      | Reached skill level 1 in Maces & Flails
   915 | D:1      | Gained mutation: You are partially covered in yellow scales (AC +2). [demonic ancestry]
   915 | D:1      | Reached XP level 3. HP: 27/27 MP: 5/5
  1451 | D:2      | Noticed Sigmund
  1455 | D:2      | Killed Sigmund
  1455 | D:2      | Reached skill level 4 in Maces & Flails
  1455 | D:2      | Gained mutation: You sometimes gain a little power by taking damage. [demonic ancestry]
  1455 | D:2      | Reached XP level 4. HP: 8/33 MP: 6/6
  1455 | D:2      | Reached XP level 5. HP: 9/38 MP: 7/7
  2505 | D:3      | Noticed Goblin1989's ghost (amateur SpGl)
  2526 | D:3      | HP: 1/38 [Goblin1989's ghost (1)]
  2527 | D:3      | Slain by Goblin1989's ghost

Action                   |  1- 3 |  4- 6 || total
-------------------------+-------+-------++-------
Melee: Whip              |   148 |    76 ||   224
       Short sword       |    12 |       ||    12
Evoke: Wand              |     3 |     1 ||     4
 Stab: Sleeping          |     1 |       ||     1
  Eat: Chunk             |     2 |     3 ||     5

Vault maps used:
D:1:      lightli_arrival_noodles
D:2:      uniq_sigmund
D:3:      uniq_grinder
